 Dungeon Crawl Stone Soup version 0.29-a0-359-g541a27f54d (webtiles) character file.

Game seed: 11210604840984867595

109 bande the Covered (level 4, -1/29 HPs)
             Began as a Gargoyle Fighter on Apr 28, 2022.
             Slain by a gnoll
             ... wielding a +0 spear
              (3 damage)
             ... on level 3 of the Dungeon.
             The game lasted 00:03:57 (2878 turns).

bande the Covered (Gargoyle Fighter)                Turns: 2878, Time: 00:03:58

Health: -1/29      AC: 14    Str: 26    XL:     4   Next: 89%
Magic:  4/4        EV:  8    Int:  8    God:
Gold:   101        SH:  4    Dex: 11    Spells: 3/3 levels left

rFire   . . .      SeeInvis .   a - +0 war axe
rCold   . . .      Faith    .   c - +0 buckler
rNeg    + . .      Spirit   .   n - +0 chain mail
rPois   ∞          Reflect  .   (no helmet)
rElec   +          Harm     .   (no cloak)
rCorr   +          Rampage  .   m - +0 pair of gloves
Will    .....                   (no boots)
Stlth   ..........              (no amulet)
HPRegen 0.09/turn               e - +6 ring of strength
MPRegen 0.09/turn               h - ring of resist corrosion

@: no status effects
A: sickness immunity, AC +3, negative energy resistance 1, electricity
resistance, torment resistance 1, petrification resistance
a: no special abilities


You were on level 3 of the Dungeon.
You visited 1 branch of the dungeon, and saw 3 of its levels.

You collected 101 gold pieces.

Inventory:

Hand Weapons
 a - a +0 war axe (weapon)
Armour
 c - a +0 buckler (worn)
 m - a +0 pair of gloves (worn)
 n - a +0 chain mail (worn)
Jewellery
 e - a +6 ring of strength (left hand)
 g - an amulet of the acrobat
 h - a ring of resist corrosion (right hand)
 p - a ring of magical power
Scrolls
 l - 4 scrolls of teleportation
 o - 5 scrolls of identify
 r - a scroll of silence
Potions
 b - a potion of cancellation {unknown}
 d - 2 potions of might
 f - 3 potions of attraction {unknown}
 i - 4 potions of heal wounds
 j - a potion of resistance {unknown}
 k - a potion of haste {unknown}
 q - a potion of magic {unknown}


   Skills:
 + Level 3.7 Fighting
 + Level 3.1 Axes
 + Level 4.3 Armour
 + Level 3.7 Shields


You had 3 spell levels left.
You didn't know any spells.
Your spell library contained the following spells:

 Spells                   Type           Power      Damage    Failure   Level
 Sandblast                Erth           0%         2d4       98%         1
 Summon Small Mammal      Summ           0%         N/A       98%         1
 Passwall                 Tmut/Erth      0%         N/A       99%         2
 Call Canine Familiar     Summ           0%         N/A       100%        3
 Stone Arrow              Conj/Erth      0%         3d7       100%        3
 Summon Guardian Golem    Hex/Summ       0%         N/A       100%        3


Dungeon Overview and Level Annotations

Branches:
Dungeon (3/15)

Altars:

Shops:
D:3 :


Innate Abilities, Weirdness & Mutations

You are immune to sickness and miasma.
Your stone body is resilient. (AC +3)
You are immune to poison.
You resist negative energy. (rN+)
You are resistant to electric shocks. (rElec)
You are resistant to unholy torment.
You are immune to petrification.


Message History

You kill the gnoll!
The gnoll hits you but does no damage.
Your Axes skill increases to level 3!
A gnoll comes into view. It is wielding a +0 spear.
The gnoll shouts!
The gnoll closely misses you.
Things that are here:
a +0 whip; a +0 spear You barely miss the gnoll.
The gnoll hits you but does no damage.
The gnoll hits you from afar with a +0 spear.
The gnoll completely misses you. The gnoll hits you but does no damage.
You are too injured to fight recklessly!
You are too injured to fight recklessly!
You are too injured to fight recklessly!
You closely miss the gnoll. The gnoll barely misses you.
You block the gnoll's attack.
You slash the gnoll!
The gnoll is severely wounded.
You block the gnoll's attack. The gnoll hits you but does no damage.
You barely miss the gnoll.
The gnoll is severely wounded.
The gnoll hits you with a +0 spear.
* * * LOW HITPOINT WARNING * * *
You block the gnoll's attack. x2; The gnoll hits you with a +0 spear.
* * * LOW HITPOINT WARNING * * *
You hit the gnoll but do no damage.
The gnoll is severely wounded.
The gnoll hits you with a +0 spear.
* * * LOW HITPOINT WARNING * * *
The gnoll hits you but does no damage.
You hit the gnoll.
You kill the gnoll!
You block the gnoll's attack. x2
The gnoll closely misses you.
You see here a +0 spear.
You barely miss the gnoll. The gnoll barely misses you.
You hit the gnoll.
The gnoll is heavily wounded.
The gnoll hits you with a +0 spear.
You die...

### #.. #.#
######g# ###
#####...##@#####.
... #.
.........).......#
... #.#
####..(##########
### #.#
#............# #.#
#.#.#..#####.# #.#
#............# #.#
#.#.#..#####.#
#(#######......#
#.#
#.........#.##.#
#.#


You could see a gnoll.

Vanquished Creatures
  3 gnolls (D:3)
  2 adders
  3 worms
  An orc (D:3)
  5 endoplasms
  A giant cockroach (D:1)
  8 goblins
  4 hobgoblins
  3 quokkas
  7 ball pythons
  5 bats
  3 frilled lizards (D:2)
  3 kobolds (D:1)
  2 rats
50 creatures vanquished.

Notes
Turn   | Place    | Note
-------+----------+-------------------------------------------
     0 | D:1      | bande the Gargoyle Fighter began the quest for the Orb.
     0 | D:1      | Reached XP level 1. HP: 14/14 MP: 1/1
   745 | D:1      | Found a faded altar of an unknown god.
   748 | D:1      | Reached XP level 2. HP: 19/19 MP: 2/2
  1453 | D:2      | Reached XP level 3. HP: 23/23 MP: 3/3
  1576 | D:2      | Reached skill level 4 in Armour
  2479 | D:3      | Reached XP level 4. HP: 28/28 MP: 4/4
  2580 | D:3      | Found Asogah's Book Shoppe.
  2878 | D:3      | Slain by a gnoll

Illustrated notes

Levels and vault maps discovered:
D:1:      wander_arrival_desolate, layout_basic,
          chequers_ecumenical_altar_island, dreamdust_princess_bridge
D:2:      layout_basic
D:3:      layout_loops_ring, serial_shops, shop, cheibrodos_sewer_entry_sluice

Skill      XL: |  1  2  3  4 |
---------------+-------------+-----
Axes           | 2 3 |  3.1
Armour         | 4 |  4.3
Fighting       | |  3.7
Shields        | |  3.7

Action                   |  1- 3 |  4- 6 || total
-------------------------+-------+-------++-------
Melee: War axe           |   120 |    49 ||   169
  Use: Scroll            |     5 |       ||     5
Armor: Scale mail        |    25 |       ||    25
       Chain mail        |    23 |    45 ||    68
Dodge: Dodged            |    65 |    23 ||    88
Block: Buckler           |    20 |    17 ||    37

Table legend: (Time is in decaauts)
 A = Elapsed time spent in this place.
 B = Non-inter-level travel time spent in this place.
 C = Inter-level travel time spent in this place.
 D = Time resting spent in this place.
 E = Time spent auto-exploring this place.
 F = Levels seen in this place.
 G = Mean time per level.
                   A        B        C        D        E       F      G
               +--------+--------+--------+--------+--------+-----+--------+
         Total |   2953 |   2953 |      0 |    385 |   2063 |   3 |  984.3 |
       Dungeon |   2953 |   2953 |      0 |    385 |   2063 |   3 |  984.3 |
               +--------+--------+--------+--------+--------+-----+--------+

Top non-repeatable levels by time:
     D:1: 1438 daAuts
     D:2: 1067 daAuts
     D:3: 448 daAuts
